 Dungeon Crawl Stone Soup version 0.29-a0-668-g12ee2bf84d (webtiles) character file.

Game seed: 12170471677903450551

179 zeratav the Sneak (level 5, -12/41 HPs)
             Began as a Formicid Fighter on June 23, 2022.
             Mangled by Pikel
             ... wielding a +0 whip of electrocution
              (14 damage)
             ... on level 4 of the Dungeon.
             The game lasted 00:02:54 (3016 turns).

zeratav the Sneak (Formicid Fighter)                Turns: 3016, Time: 00:02:55

Health: -12/41     AC: 11    Str: 22    XL:     5   Next: 90%
Magic:  8/8        EV:  6    Int:  8    God:
Gold:   242        SH:  5    Dex: 13    Spells: 4/4 levels left

rFire   + . .      SeeInvis +   e - +2 short sword (venom) {short}
rCold   . . .      Faith    .   c - +0 buckler
rNeg    . . .      Spirit   .   v - +0 plate armour
rPois   +          Reflect  .   (helmet unavailable)
rElec   .          Harm     .   s - scarf {+Inv}
rCorr   .          Rampage  .   (no gloves)
Will    .....                   (no boots)
Stlth   ..........              (no amulet)
HPRegen 0.13/turn               h - ring of poison resistance
MPRegen 0.11/turn               j - ring of protection from fire

@: no status effects
A: permanent stasis, dig shafts and tunnels, antennae 3, four strong arms
a: Dig, Shaft Self, Evoke Invisibility


You were on level 4 of the Dungeon.
You visited 1 branch of the dungeon, and saw 4 of its levels.

You collected 242 gold pieces.


Innate Abilities, Weirdness & Mutations

You cannot be hasted, slowed, berserked, paralysed or teleported.
You can dig through walls and to a lower floor.
You have a pair of large antennae on your head. (SInv)
Your four strong arms can wield two-handed weapons with a shield.


   Skills:
 - Level 3.2 Fighting
 - Level 2.0 Axes
 - Level 3.2 Armour
 + Level 4.6 Stealth
 - Level 4.0 Shields
 + Level 4.2 Invocations


You had 4 spell levels left.
You didn't know any spells.
Your spell library was empty.

Inventory:

Hand Weapons
 a - a +0 war axe {axe}
 e - a +2 short sword of venom (weapon) {short}
   (You found it on level 1 of the Dungeon)
Armour
 c - a +0 buckler (worn)
 m - a +0 tower shield
   (You found it on level 1 of the Dungeon)
 s - a scarf of invisibility (worn)
   (You found it on level 2 of the Dungeon)
 v - a +0 plate armour (worn)
   (You found it on level 2 of the Dungeon)
Jewellery
 h - a ring of poison resistance (left hand)
   (You found it on level 1 of the Dungeon)
 j - a ring of protection from fire (right hand)
   (You found it on level 1 of the Dungeon)
 r - a ring of flight
   (You found it on level 1 of the Dungeon)
 x - a ring of protection from cold
   (You found it on level 2 of the Dungeon)
Scrolls
 f - 4 scrolls of identify {unknown}
 i - 2 scrolls of noise {unknown}
 l - 2 scrolls of torment {unknown}
 n - 2 scrolls of enchant weapon {unknown}
 o - a scroll of fear {unknown}
 p - a scroll of teleportation {unknown}
 w - a scroll of magic mapping {unknown}
 y - a scroll of poison {unknown}
Potions
 b - 2 potions of brilliance {unknown}
 d - a potion of might
 g - a potion of degeneration {unknown}
 k - 3 potions of invisibility {unknown}
 q - a potion of attraction {unknown}
 t - 3 potions of curing {unknown}
 u - a potion of heal wounds {unknown}
 z - a potion of lignification {unknown}

Dungeon Overview and Level Annotations

Branches:
Dungeon (4/15) Zot: 20963
 Temple: D:4-7

Altars:

Annotations:
D:4 Pikel

P..>#
..#.##
.....
#...##
....≈ #..♣
#..####..♣
#.555K@<.♣
....5####.♣
### .♣ .≈
..≈ ..#≈
...≈≈ ..#
≈≈


You could see Pikel (very poisoned) and 4 lemures.


Message History

Found a stone staircase leading down.
There is an escape hatch in the ceiling here.
You sense a monster nearby.
An endoplasm comes into view.
The endoplasm quivers.
The endoplasm moves out of view.
An endoplasm is nearby!
An endoplasm is nearby!
You block the endoplasm's attack.
You hit the endoplasm.
The endoplasm hits you but does no damage.
You hit the endoplasm.
You kill the endoplasm!
No target in view!
No target in view!
No target in view!
No target in view!
No target in view!
No target in view!
No target in view!
No target in view!
No target in view!
No target in view!
No target in view!
Found a stone staircase leading down.
You sense a monster nearby.
t - 3 coppery potions (gained 1)
z - a yellow potion
Found a stone staircase leading up.
A rat comes into view.
A rat is nearby!
A rat is nearby!
A rat is nearby!
You hit the rat.
You kill the rat!
A kobold comes into view. It is wielding a +0 short sword.
A kobold is nearby!
A kobold is nearby!
A kobold is nearby!
You hit the kobold.
You kill the kobold!
No target in view!
No target in view!
No target in view!
No target in view!
No target in view!
No target in view!
No target in view!
No target in view!
No target in view!
No target in view!
No target in view!
No target in view!
You now have 228 gold pieces (gained 14).
You now have 242 gold pieces (gained 14).
Things that are here:
a +0 club {mace}; a +0 ring mail
Items here: ( )) [.
Things that are here:
a +0 club {mace}; a +0 ring mail Done exploring.
Done exploring.
Done exploring.
Done exploring.
(D) Dungeon
Where to? (Enter - D:3, ? - help)
Things that are here:
a +0 club {mace}; 2 boomerangs {throwing}; a +0 robe
There is a stone staircase leading down here.
You climb downwards.
Pikel shouts!
The lemure shouts!
You hear a shout!
You sense a monster nearby.
Found a stone staircase leading down.
There is a stone staircase leading up here.
A lemure comes into view. x2
The lemure shouts!
You hear a shout!
A lemure comes into view.
You barely miss Pikel.
Pikel zaps a wand.
Your mind is blasted!
HP[-17]
You take 17 damage, and now have 24/41 hp.
MASSIVE DAMAGE!! (PAUSE)
You hit Pikel but do no damage.
Pikel is poisoned.
An ufetubus comes into view.
You block Pikel's attack.
The ufetubus shouts!
You hit Pikel.
Pikel zaps a wand.
Your mind is blasted!
* * * LOW HITPOINT WARNING * * *
HP[-17]
You take 17 damage, and now have 7/41 hp.
MASSIVE DAMAGE!! (PAUSE)
You barely miss Pikel.
Pikel says, "You'll feel the lick of my whip!"
Pikel hits you with a +0 whip of electrocution.
* * * LOW HITPOINT WARNING * * *
You are electrocuted!
You die...

Skill      XL: |  1  2  3  4  5 |
---------------+----------------+-----
Stealth        | 1 2 3 4 |  4.6
Invocations    | 1 2 3 4 |  4.2
Fighting       | |  3.2
Axes           | |  2.0
Armour         | |  3.2
Shields        | |  4.0

Action                   |  1- 3 |  4- 6 || total
-------------------------+-------+-------++-------
Melee: Short sword       |    56 |    91 ||   147
       War axe           |     5 |       ||     5
Armor: Scale mail        |    40 |     7 ||    47
       Plate armour      |       |    34 ||    34
Dodge: Dodged            |    28 |    39 ||    67
Block: Buckler           |    16 |    24 ||    40

Levels and vault maps discovered:
D:1:      wander_arrival_estate, layout_basic,
          shapermc_ecumenical_altar_starsandcircs
D:2:      minmay_razor_zed, layout_loops_ring, nicolae_figureground_pulse
D:3:      layout_basic, serial_park_tiny_2
D:4:      layout_basic, nicolae_overflow_squiral, serial_forest,
          infiniplex_forest_straight_4, infiniplex_forest_clump_small,
          infiniplex_forest_corner_1, infiniplex_forest_end_1,
          infiniplex_forest_3_way, infiniplex_forest_lined_room_2,
          serial_bayou_ford_a, chequers_serial_rivers_micro_b, uniq_pikel

Notes
Turn   | Place    | Note
-------+----------+-------------------------------------------
     0 | D:1      | zeratav the Formicid Fighter began the quest for the Orb.
     0 | D:1      | Reached XP level 1. HP: 18/18 MP: 1/1
     0 | D:1      | magus.rc [v1.9.6]
    58 | D:1      | Found a faded altar of an unknown god.
    71 | D:1      | Reached skill level 1 in Stealth
    74 | D:1      | Reached skill level 1 in Invocations
   251 | D:1      | Reached XP level 2. HP: 24/24 MP: 2/2
   652 | D:1      | Reached skill level 2 in Stealth
  1216 | D:2      | Reached XP level 3. HP: 29/29 MP: 4/4
  1225 | D:2      | Reached skill level 2 in Invocations
  1362 | D:2      | Reached skill level 3 in Stealth
  1362 | D:2      | Reached XP level 4. HP: 19/35 MP: 4/6
  1757 | D:2      | Reached skill level 3 in Invocations
  2331 | D:3      | Reached XP level 5. HP: 36/41 MP: 7/7
  2346 | D:3      | Reached skill level 4 in Stealth
  2616 | D:3      | Reached skill level 4 in Invocations
  3010 | D:4      | Noticed Pikel
  3010 | D:4      | Noticed a lemure
  3011 | D:4      | Noticed a lemure
  3011 | D:4      | Noticed a lemure
  3012 | D:4      | Noticed a lemure
  3015 | D:4      | HP: 7/41 [disintegration (17)]
  3016 | D:4      | HP: 2/41 [Pikel/+0 whip of electrocution (5)]
  3016 | D:4      | Mangled by Pikel

Vanquished Creatures
  An orc priest (D:3)
  An iguana (D:3)
  3 gnolls (D:3)
  4 adders
  2 worms (D:2)
  3 orcs (D:3)
  5 bats
  6 endoplasms
  4 giant cockroaches
  4 goblins
  5 hobgoblins
  2 quokkas
  3 ball pythons (D:1)
  4 frilled lizards
  3 kobolds
  5 rats
55 creatures vanquished.

Table legend:
 A = Non-vault XP
 B = Vault XP
 C = Vault XP percentage of total XP
 D = Non-vault monster count
 E = Vault monster count
 F = Vault count percentage of total count
                 A         B        C        D         E       F
            +---------+---------+-------+---------+---------+-------
      Total |     222 |      35 |  13.6 |      47 |       8 |  14.5
            +---------+---------+-------+---------+---------+-------
        D:1 |      26 |       0 |   0.0 |      17 |       0 |   0.0
        D:2 |      39 |      35 |  47.3 |      12 |       8 |  40.0
        D:3 |     157 |       0 |   0.0 |      18 |       0 |   0.0
            +---------+---------+-------+---------+---------+-------

Illustrated notes

Table legend:
 A = Kills in this place as a percentage of kills in entire the game.
 B = Kills by you in this place as a percentage of kills by you in the entire game.
 C = Kills by friends in this place as a percentage of kills by friends in the entire game.
 D = Other kills in this place as a percentage of other kills in the entire game.
 E = Experience gained in this place as a percentage of experience gained in the entire game.
 F = Experience gained in this place divided by the number of levels of this place that you have seen.
                   A       B       C       D       E      F
               +-------+-------+-------+-------+-------+----------------------
         Total | 100.0 | 100.0 |   N/A |   N/A | 100.0 |  64.2
       Dungeon | 100.0 | 100.0 |   N/A |   N/A | 100.0 |  64.2
               +-------+-------+-------+-------+-------+----------------------

Table legend: (Time is in decaauts)
 A = Elapsed time spent in this place.
 B = Non-inter-level travel time spent in this place.
 C = Inter-level travel time spent in this place.
 D = Time resting spent in this place.
 E = Time spent auto-exploring this place.
 F = Levels seen in this place.
 G = Mean time per level.
                   A        B        C        D        E       F      G
               +--------+--------+--------+--------+--------+-----+--------+
         Total |   3035 |   2931 |    104 |    497 |   2042 |   4 |  758.8 |
       Dungeon |   3035 |   2931 |    104 |    497 |   2042 |   4 |  758.8 |
               +--------+--------+--------+--------+--------+-----+--------+

Top non-repeatable levels by time:
     D:2: 1267 daAuts
     D:1: 1017 daAuts
     D:3: 744 daAuts
     D:4: 6 daAuts
